 Dungeon Crawl Stone Soup version 0.32-a0-411-g744942f433 (webtiles) character file.

Game seed: 2029889296637627156

98 ezpacito the Trooper (level 4, -4/4 HPs)
             Began as a Demonspawn Chaos Knight on Feb 20, 2024.
             Was a Plaything of Xom.
             Slain by a ribbon worm (8 damage)
             ... on level 2 of the Dungeon.
             The game lasted 00:01:52 (1242 turns).

ezpacito the Trooper (Demonspawn Chaos Knight)      Turns: 1242, Time: 00:01:53

Health: -4/4       AC:  2    Str: 19    XL:     4   Next: 43%
Magic:  4/4        EV: 11    Int: 13    God:    Xom [*.....]
Gold:   165        SH:  0    Dex: 12    Spells: 4/4 levels left

rFire   + . .        a - melded +0 hand axe (chaos)
rCold   . . .        (shield currently unavailable)
rNeg    . . .        b - melded +2 leather armour
rPois   +            (helmet currently unavailable)
rElec   .            (cloak currently unavailable)
rCorr   .            (gloves currently unavailable)
SInv    .            (boots currently unavailable)
Will    .....        (no amulet)
Stlth   ++           g - ring of protection from fire
HPRegen 0.20/turn    i - ring of poison resistance
MPRegen 0.09/turn

%: no passive effects
@: snake-form
A: constrict, reduced hp, large, (hooves 1), repulsion field 1, ignite blood 1
a: Begin Untransformation, Renounce Religion


You were on level 2 of the Dungeon.
You worshipped Xom.
You were a special plaything of Xom.
You were an enormous serpent.
You visited 1 branch of the dungeon, and saw 2 of its levels.

You collected 165 gold pieces.

Inventory:

Hand Weapons
 a - a +0 hand axe of chaos (melded)
 j - a +0 battleaxe
Missiles
 h - 4 javelins (quivered)
Armour
 b - a +2 leather armour (melded)
Jewellery
 g - a ring of protection from fire (left hand)
 i - a ring of poison resistance (right hand)
Talismans
 l - a serpent talisman (active)
Scrolls
 c - a scroll of butterflies
 d - a scroll of noise {unknown}
Potions
 e - a potion of mutation {unknown}
 f - a potion of magic {unknown}
 k - 2 potions of heal wounds {unknown}


   Skills:
 * Level 3.6 Fighting
 * Level 3.4 Axes
 * Level 2.2 Armour
 * Level 1.4 Dodging
 * Level 1.0 Stealth
 * Level 0.5 Unarmed Combat
 * Level 0.6 Spellcasting


You had 4 spell levels left.
You didn't know any spells.
Your spell library contained the following spells:

 Spells                   Type           Power      Damage    Failure   Level
 Jinxbite                 Hex            0%         N/A       41%         2
 Yara's Violent Unravell  Hex/Alch       0%         3d3       100%        5
 Enfeeble                 Hex            0%         N/A       100%        7


Dungeon Overview and Level Annotations

Branches:
Dungeon (2/15)

Altars:


Innate Abilities, Weirdness & Mutations

You are an enormous serpent.
You have a powerful constriction melee attack.
Your maximum health is decreased, since you lack skill for your form.
Your armour is entirely melded.
You are incapable of wielding weapons or throwing items.
((You have large cloven feet.))
You are surrounded by a mild repulsion field. (EV +2)
Your demonic aura sometimes causes spilled blood to erupt in flames.


Message History

You lash the kobold!
You kill the kobold!
Your Stealth skill increases to level 1!
No target in view!
No target in view!
No target in view!
No target in view!
No target in view!
No target in view!
No target in view!
No target in view!
No target in view!
You see here a +0 dagger.
Xom makes a sudden noise!
You hear a strangely pleasant explosion.
No target in view!
No target in view!
A ribbon worm comes into view.
The ribbon worm moves out of view.
No target in view!
The ribbon worm expels a string of sticky webbing.
The stream of webbing hits you but does no damage.
You are caught in a web!
There is a web here.
You are caught in a web!
You are caught in a web!
You are caught in a web!
You are caught in a web!
You are caught in a web!
You are caught in a web!
You are caught in a web!
You are caught in a web!
You are caught in a web!
You are caught in a web!
You are caught in a web!
The web tears apart.
You hit the ribbon worm. Your grab misses the ribbon worm.
The ribbon worm is lightly wounded.
The ribbon worm bites you!
Ouch! That really hurt!
You die...

##############
####.............
............# #.#
.....####.### #.#
########.#.## #.# ###
##.###.###.# ).# ##.##
##.##.### #.# #.##
##...Sw# #.####.##
##.##.........
.....##.###.######.#####
.....###.#.## .#
.....####.## #
.....†....# .....######
....†# .....#


You could see a ribbon worm (catching breath).

Vanquished Creatures
  4 adders (D:2)
  3 dart slugs (D:1)
  A ribbon worm (D:2)
  3 bats
  2 endoplasms (D:2)
  A goblin (D:2)
  4 hobgoblins
  2 jackals (D:2)
  A quokka (D:2)
  A ball python (D:2)
  2 frilled lizards
  3 kobolds
  5 rats
32 creatures vanquished.

Notes
Turn   | Place    | Note
-------+----------+-------------------------------------------
     0 | D:1      | ezpacito the Demonspawn Chaos Knight began the quest for
                  | the Orb.
     0 | D:1      | Reached XP level 1. HP: 18/18 MP: 1/1
    40 | D:1      | XOM: divination: detect items
   143 | D:1      | XOM: confuse monster(s)
   153 | D:1      | Reached skill level 1 in Dodging
   153 | D:1      | Gained mutation: You have large cloven feet. [demonic
                  | ancestry]
   153 | D:1      | Reached XP level 2. HP: 21/24 MP: 2/2
   718 | D:2      | Gained mutation: You are surrounded by a mild repulsion
                  | field. (EV +2) [demonic ancestry]
   718 | D:2      | Reached XP level 3. HP: 28/29 MP: 3/3
  1006 | D:2      | Gained mutation: Your demonic aura sometimes causes spilled
                  | blood to erupt in flames. [demonic ancestry]
  1006 | D:2      | Reached XP level 4. HP: 31/36 MP: 4/4
  1195 | D:2      | Reached skill level 1 in Stealth
  1222 | D:2      | XOM: noise
  1242 | D:2      | Slain by a ribbon worm

Illustrated notes

Levels and vault maps discovered:
D:1:      dpeg_arrival_long_road, layout_loops_ring
D:2:      layout_loops_ring, uniq_natasha

Skill      XL: |  1  2  3  4 |
---------------+-------------+-----
Dodging        | 1 |  1.4
Armour         | 2 |  2.2
Axes           | 3 |  3.4
Stealth        | 1 |  1.0
Fighting       | |  3.6
Unarmed Combat | |  0.5
Spellcasting   | |  0.6

Action                     |  1- 3 |  4- 6 || total
---------------------------+-------+-------++-------
  Melee: Hand axe          |    75 |     9 ||    84
         Kick              |    10 |     3 ||    13
         Unarmed           |       |     5 ||     5
         Constrict         |       |     1 ||     1
    Use: Scroll            |     2 |       ||     2
   Stab: Sleeping          |       |     2 ||     2
 Armour: Leather armour    |    46 |     1 ||    47
         Skin              |       |     1 ||     1
  Dodge: Dodged            |    63 |     6 ||    69
   Form: Serpent           |       |     1 ||     1

Table legend: (Time is in decaauts)
 A = Elapsed time spent in this place.
 B = Non-inter-level travel time spent in this place.
 C = Inter-level travel time spent in this place.
 D = Time resting spent in this place.
 E = Time spent auto-exploring this place.
 F = Levels seen in this place.
 G = Mean time per level.
                   A        B        C        D        E       F      G
               +--------+--------+--------+--------+--------+-----+--------+
         Total |   1253 |   1227 |     26 |      0 |    974 |   2 |  626.5 |
       Dungeon |   1253 |   1227 |     26 |      0 |    974 |   2 |  626.5 |
               +--------+--------+--------+--------+--------+-----+--------+

Top non-repeatable levels by time:
     D:1: 716 daAuts
     D:2: 536 daAuts
